 Dungeon Crawl Stone Soup version 0.31-a0-848-gaac375c287 (webtiles) character file.

Game seed: 15589975374278941663

27262 DocEon the Eclecticist (level 13, -13/72 HPs)
             Began as a Deep Elf Conjurer on Oct 4, 2023.
             Was an Elder of Vehumet.
             Killed from afar by Aizul (35 damage)
             ... with a poison arrow
             ... on level 3 of the Lair of Beasts on Oct 5, 2023.
             The game lasted 00:23:52 (18233 turns).

DocEon the Eclecticist (Deep Elf Conjurer)         Turns: 18233, Time: 00:23:53

Health: -13/72     AC:  8    Str:  4    XL:     13   Next: 3%
Magic:  27/37      EV: 18    Int: 41    God:    Vehumet [****..]
Gold:   996        SH:  5    Dex: 13    Spells: 19/48 levels left

rFire   + . .        a - staff of fire
rCold   . . .        j - +0 buckler
rNeg    . . .        o - +0 robe
rPois   .            h - +0 helmet
rElec   .            q - +2 cloak
rCorr   .            (no gloves)
SInv    .            I - +2 pair of slick slippers {slick, slippery, EV+4}
Will    +....        (no amulet)
Stlth   +            P - +6 ring of intelligence
HPRegen 0.32/turn    t - +6 ring of intelligence
MPRegen 0.25/turn

%: no passive effects
@: lethally poisoned (-13 -> -41), very slow
A: no striking features
a: Renounce Religion


You were on level 3 of the Lair of Beasts.
You worshipped Vehumet.
Vehumet was greatly pleased with you.
You visited 3 branches of the dungeon, and saw 15 of its levels.

You collected 1062 gold pieces.
You spent 66 gold pieces at shops.

Inventory:

Hand Weapons
 b - a +3 whip of electrocution
 n - a +1 mace of protection
 s - a +2 demon whip of draining
Armour
 h - a +0 helmet (worn)
 j - a +0 buckler (worn)
 o - a +0 robe (worn)
 q - a +2 cloak (worn)
 D - a +0 kite shield
 H - a scarf of invisibility
 I - the +2 pair of slick slippers (worn) {slick, slippery, EV+4}
   (You acquired it on level 10 of the Dungeon)

   Slick:     Its wearer cannot be constricted, engulfed, netted or webbed.
   Slippery:  Its wearer slips away from damaging melee attacks, pulling the
   attacker onward.
   EV+4:      It affects your evasion (+4).
 Q - the +1 pair of boots of Negation {rN+}
   (You found it on level 3 of the Lair of Beasts)

   rN+:       It protects you from negative energy.
Magical Staves
 a - a staff of fire (weapon)
Jewellery
 l - a ring of willpower
 t - a +6 ring of intelligence (right hand)
 x - a +6 ring of strength
 O - a +4 ring of protection
 P - a +6 ring of intelligence (left hand)
Wands
 g - a wand of flame (7)
 r - a wand of iceblast (19)
 R - a wand of mindburst (16)
Scrolls
 v - 2 scrolls of immolation
 w - a scroll of fear
 y - a scroll of blinking
 C - 3 scrolls of revelation
 E - a scroll of torment
 G - a scroll of teleportation
 J - a scroll of enchant weapon
 K - 2 scrolls of amnesia
 M - a scroll of poison
Potions
 c - 2 potions of curing
 d - 2 potions of haste
 e - 3 potions of enlightenment
 f - 2 potions of ambrosia
 i - 2 potions of magic
 k - 5 potions of attraction
 m - 2 potions of brilliance
 p - 3 potions of mutation
 u - 2 potions of heal wounds
 A - a potion of cancellation
 B - a potion of might
 F - a potion of berserk rage
 L - a potion of invisibility
 N - a potion of lignification
 S - a potion of resistance {unknown}


   Skills:
 - Level 5.0 Fighting
 + Level 8.0 Dodging
 - Level 2.4 Stealth
 - Level 5.0 Shields
 * Level 18.4 Spellcasting
 + Level 11.9 Conjurations
 * Level 9.5 Fire Magic


You had 19 spell levels left.
You knew the following spells:

 Your Spells              Type           Power      Damage    Failure   Level
a - Magic Dart            Conj           100%       1d8       0%          1
b - Searing Ray           Conj           100%       2d8       0%          2
c - Fulminant Prism       Conj/Hex       36%        3d17      1%          4
d - Iskenderun's Mystic   Conj/Tloc      72%        2d15      1%          4
e - Sticky Flame          Conj/Fire      100%       2d11      1%          4
f - Foxfire               Conj/Fire      100%       2x1d9     0%          1
g - Ignition              Fire           54%        3d15      36%         8
h - Iskenderun's Battles  Conj           94%        2d14      1%          5

Your spell library contained the following spells:

 Spells                   Type           Power      Damage    Failure   Level
 Apportation              Tloc           74%        N/A       1%          1
 Necrotise                Necr           100%       1d9       1%          1
 Summon Small Mammal      Summ           100%       N/A       1%          1
 Scorch                   Fire           100%       2d9       1%          2
 Dazzling Flash           Conj/Hex       100%       N/A       1%          3
 Ignite Poison            Fire/Tmut/Pois 77%        N/A       1%          3
 Call Canine Familiar     Summ           37%        N/A       3%          3
 Ozocubu's Armour         Ice            37%        N/A       3%          3
 Summon Guardian Golem    Hex/Summ       37%        N/A       3%          3
 Lee's Rapid Deconstruct  Erth           18%        3d11*     10%         5
 Animate Armour           Summ/Erth      74%        N/A       12%         4
 Ozocubu's Refrigeration  Ice            18%        4d11      92%         7


Dungeon Overview and Level Annotations

Branches:
Dungeon (10/15)            Temple (0/1) D:4            Lair (4/5) D:8
  Swamp (1/4) Lair:3        Snake (0/4) Lair:3          Orc (0/2) D:10
  Slime: Lair:4-5

Altars:
Cheibriados
Dithmenos
Elyvilon
Hepliaklqana
Makhleb
Nemelex Xobeh
Qazlal
Trog
Vehumet
Wu Jian
Yredelemnul
Zin
The Shining One

Shops:
D:4 =   D:7 *

Annotations:
D:4 2 runed translucent doors
Lair:3 Aizul


Message History

You are poisoned.
You wake up.
Casting: Iskenderun's Battlesphere (safe; 1% risk of failure)
Confirm with . or Enter, or press ? or * to list all spells.
Okay, then.
You swap places.
You feel extremely sick.
Aizul says, "Feeling sleepy?"
You feel very sick.
You feel very sick. Aizul hits your battlesphere!!
You feel sick.
You feel sick.
There is a staircase back to the Lair, spattered with blood here.
You feel sick. Aizul hits you but does no damage.
You climb upwards.
Welcome back to the Lair of Beasts!
Your battlesphere wavers and loses cohesion.
You feel sick.
There is a staircase to the Swamp here.
Unknown command.
Casting: Iskenderun's Battlesphere (safe; 1% risk of failure)
Confirm with . or Enter, or press ? or * to list all spells.
You erupt in a blast of force!
The mystic blast hits Aizul!!
Aizul is lightly wounded.
Aizul is knocked back by the mystic blast.
Aizul slams into the tree!
Aizul is moderately wounded.
You feel sick. Aizul hits you!
You slip backwards!
Splash!
You fall into the shallow water.
Moving in this stuff is going to be slow.
Casting: Iskenderun's Mystic Blast (safe; 1% risk of failure)
Confirm with . or Enter, or press ? or * to list all spells.
You erupt in a blast of force!
The mystic blast hits Aizul!
Aizul is moderately wounded.
You feel sick.
Aizul coils herself and waves her upper body at you.
The poison arrow hits you!!
You are lethally poisoned!
You die...

#P....##...#..P......##
##....#..........P.....
##...........##.P......
#...#.........#....#.P.
##..#.#....#.#........#
#...P.♣§♣....#P.#..#..#
#....~~♣§♣.............
##.#.♣♣§♣~♣..#.##......
##..♣@S§♣~.###########
##♣~§§♣♣~.## ♣♣♣♣§...P#
♣D...### ######


You could see Aizul.

Vanquished Creatures
  2 eleionomae
  2 hydras (Lair:2)
  A two-headed ogre (D:4)
  A boulder beetle (Lair:3)
  Nergalle (Lair:3)
  Pikel (D:5)
  A cyclops (D:10)
  3 black mambas
  6 komodo dragons
  4 cane toads
  A rime drake (Lair:3)
  5 hornets
  2 polar bears (Lair:3)
  10 blink frogs
  3 spriggans (Swamp:1)
  A shadow (D:10)
  Sigmund (D:3)
  A wyvern (Lair:3)
  33 yaks
  Eustachio (D:8)
  2 basilisks
  4 vampire mosquitoes (Swamp:1)
  2 nagas (Lair:3)
  2 acid dragons
  3 swamp worms
  11 water moccasins
  6 orc warriors
  2 black bears
  An ogre (D:4)
  20 wolves
  2 centaurs
  5 kobold brigands
  3 lemures (D:5)
  11 bullfrogs
  A scorpion (D:4)
  7 wights (D:8)
  18 killer bees
  An electric eel (Lair:2)
  4 hounds
  3 jellies
  Crazy Yiuf (D:3)
  2 orc priests
  Jessica (D:3)
  5 sleepcaps
  2 iguanas (D:5)
  Natasha (D:2)
  6 orc wizards
  A mummy (D:3)
  7 gnolls
  8 adders
  3 shadow imps
  2 white imps
  A worm (D:2)
  A dart slug (D:3)
  39 orcs
  5 bats
  4 endoplasms
  5 goblins
  5 hobgoblins
  11 jackals
  27 kobolds
  5 ball pythons
  2 frilled lizards
  4 rats
336 creatures vanquished.

Vanquished Creatures (collateral kills)
  A naga (Lair:3)
  A foxfire (Lair:2)
2 creatures vanquished.

Vanquished Creatures (others)
  135 foxfires
  5 fulminant prisms
140 creatures vanquished.

Grand Total: 478 creatures vanquished

Notes
Turn   | Place    | Note
-------+----------+-------------------------------------------
     0 | D:1      | DocEon the Deep Elf Conjurer began the quest for the Orb.
     0 | D:1      | Reached XP level 1. HP: 10/10 MP: 6/6
   312 | D:1      | Reached XP level 2. HP: 15/15 MP: 6/8
   487 | D:1      | Learned a level 2 spell: Searing Ray
   492 | D:1      | Reached skill level 4 in Spellcasting
   778 | D:2      | Reached XP level 3. HP: 12/19 MP: 5/10
   942 | D:2      | Reached skill level 5 in Conjurations
   993 | D:2      | Reached XP level 4. HP: 24/24 MP: 10/12
   998 | D:2      | Learned a level 4 spell: Fulminant Prism
  1003 | D:2      | Learned a level 4 spell: Iskenderun's Mystic Blast
  1130 | D:2      | Reached skill level 5 in Spellcasting
  1437 | D:2      | Reached skill level 1 in Shields
  1897 | D:3      | Noticed Natasha
  1913 | D:2      | Killed Natasha
  2073 | D:3      | Reached XP level 5. HP: 22/28 MP: 5/15
  2184 | D:3      | Found a white marble altar of Elyvilon.
  2189 | D:3      | Found a burning altar of Makhleb.
  2191 | D:3      | Found a glowing silver altar of Zin.
  2209 | D:3      | Found a snail-covered altar of Cheibriados.
  2297 | D:3      | Noticed Jessica
  2300 | D:3      | Killed Jessica
  2319 | D:3      | Reached skill level 6 in Spellcasting
  2347 | D:3      | Noticed Sigmund
  2351 | D:3      | Killed Sigmund
  2352 | D:3      | Reached XP level 6. HP: 32/32 MP: 7/17
  2579 | D:3      | Found a faded altar of an unknown god.
  2632 | D:3      | Found a bloodstained altar of Trog.
  2713 | D:3      | Found a shadowy altar of Dithmenos.
  2714 | D:3      | Found an ornate altar of the Wu Jian Council.
  2726 | D:3      | You fall into a shaft and drop 1 floor!
  2761 | D:3      | Found a glowing golden altar of the Shining One.
  2861 | D:4      | Found a staircase to the Ecumenical Temple.
  2961 | D:4      | Reached skill level 7 in Spellcasting
  3135 | D:3      | Found a runed translucent door.
  3136 | D:3      | Noticed Crazy Yiuf
  3142 | D:3      | Killed Crazy Yiuf
  3522 | D:4      | Found a large runed translucent door.
  3522 | D:4      | Found a large runed translucent door.
  3527 | D:4      | Noticed a two-headed ogre
  3528 | D:4      | Found a large runed translucent door.
  3528 | D:4      | Found a large runed translucent door.
  3530 | D:4      | Found Dahul's Jewellery Shop.
  3675 | D:4      | Reached XP level 7. HP: 36/36 MP: 12/20
  3890 | D:4      | Reached skill level 8 in Spellcasting
  3992 | D:4      | Identified the +1 helmet of the Devil {-Tele rPois rCorr
                  | Str+2}
  4308 | D:5      | Entered Level 5 of the Dungeon
  4684 | D:5      | Found a sparkling altar of Nemelex Xobeh.
  4780 | D:5      | Noticed Pikel
  5256 | D:5      | Killed Pikel
  5257 | D:5      | Reached skill level 10 in Spellcasting
  5257 | D:5      | Reached XP level 8. HP: 41/41 MP: 12/24
  6295 | D:6      | Reached skill level 11 in Spellcasting
  6646 | D:6      | Reached XP level 9. HP: 45/45 MP: 23/26
  7203 | D:7      | HP: 2/45 [poisoned by a water moccasin]
  7423 | D:7      | Identified the +4 trident of the Jester {flame, Stlth+}
  7673 | D:7      | Found Pazunoxe's Assorted Antiques.
  7681 | D:7      | Bought a scroll labelled JYZOUGU BUGE for 24 gold pieces
  7681 | D:7      | Bought a brown potion for 21 gold pieces
  7681 | D:7      | Bought a viscous yellow potion for 21 gold pieces
  7774 | D:7      | Found a stormy altar of Qazlal.
  7831 | D:7      | Found a basalt altar of Yredelemnul.
  7831 | D:7      | Found a radiant altar of Vehumet.
  7834 | D:7      | Became a worshipper of Vehumet
  8069 | D:4      | Killed a two-headed ogre
  8070 | D:4      | Reached skill level 5 in Shields
  8070 | D:4      | Reached skill level 12 in Spellcasting
  8141 | D:4      | Got a curling book
  8147 | D:4      | Learned a level 4 spell: Sticky Flame
  8273 | D:8      | Found a staircase to the Lair.
  8317 | D:8      | Reached skill level 13 in Spellcasting
  8319 | D:8      | Reached skill level 1 in Fire Magic
  8650 | D:8      | Found a hazy altar of Hepliaklqana.
  9333 | D:8      | Noticed Eustachio
  9690 | D:8      | Reached * piety under Vehumet
  9690 | D:8      | Offered knowledge of Foxfire by Vehumet.
  9697 | D:8      | Learned a level 1 spell: Foxfire
  9750 | D:8      | Reached XP level 10. HP: 37/50 MP: 22/29
  9874 | D:8      | Killed Eustachio
  9875 | D:8      | Reached skill level 14 in Spellcasting
 11012 | D:10     | Entered Level 10 of the Dungeon
 11012 | D:10     | Found a staircase to the Orcish Mines.
 11106 | D:10     | Identified a scroll of acquirement
 11106 | D:10     | Acquired the +2 pair of slick slippers {slick, slippery,
                  | EV+4}
 11106 | D:10     | Found the +2 pair of slick slippers {slick, slippery, EV+4}
 11240 | D:10     | Noticed a demonic crawler
 11397 | D:10     | Noticed a cyclops
 11415 | D:10     | Killed a cyclops
 11535 | D:10     | Reached skill level 1 in Fighting
 12038 | D:10     | Offered knowledge of Poisonous Vapours by Vehumet.
 12257 | Lair:1   | Entered Level 1 of the Lair of Beasts
 12278 | Lair:1   | Reached skill level 15 in Spellcasting
 12278 | Lair:1   | Reached skill level 5 in Fire Magic
 12285 | Lair:1   | Reached ** piety under Vehumet
 12625 | Lair:1   | Noticed a black mamba
 12631 | Lair:1   | Noticed a cane toad
 12633 | Lair:1   | Killed a black mamba
 12634 | Lair:1   | Reached skill level 10 in Conjurations
 12654 | Lair:1   | Killed a cane toad
 12886 | Lair:1   | Noticed a cane toad
 12896 | Lair:1   | Killed a cane toad
 12897 | Lair:1   | Reached XP level 11. HP: 57/57 MP: 16/32
 13695 | Lair:1   | Reached skill level 5 in Dodging
 13734 | Lair:1   | Reached skill level 16 in Spellcasting
 14131 | Lair:2   | Offered knowledge of Hailstorm by Vehumet.
 14617 | Lair:2   | Noticed a six-headed hydra
 14624 | Lair:2   | Killed a six-headed hydra
 14806 | Lair:2   | Reached *** piety under Vehumet
 14929 | Lair:2   | Identified the +7 orcbow "Qupterab" {heavy, Drain rC- Str+8
                  | Int+2}
 14941 | Lair:2   | Noticed a five-headed hydra
 14951 | Lair:2   | Killed a five-headed hydra
 15315 | Lair:2   | Reached skill level 17 in Spellcasting
 15711 | Lair:2   | Learned a level 8 spell: Ignition
 15739 | Lair:3   | Reached XP level 12. HP: 59/66 MP: 30/35
 15792 | Lair:3   | Offered knowledge of Stone Arrow by Vehumet.
 16145 | Lair:3   | Identified the +1 pair of boots of Negation {rN+}
 16268 | Lair:3   | Identified the +6 scale mail of the Thistle {Rampage rElec
                  | Int+4}
 16315 | Lair:3   | Reached **** piety under Vehumet
 16507 | Lair:3   | Noticed Nergalle
 16515 | Lair:3   | Killed Nergalle
 16821 | Lair:3   | Found a staircase to the Swamp.
 16821 | Lair:3   | Noticed an eleionoma
 16822 | Lair:3   | Noticed a boulder beetle
 16835 | Lair:3   | Killed an eleionoma
 16835 | Lair:3   | Offered knowledge of Iskenderun's Battlesphere by Vehumet.
 16836 | Lair:3   | Reached skill level 5 in Fighting
 16837 | Lair:3   | Killed a boulder beetle
 16942 | Lair:3   | Learned a level 5 spell: Iskenderun's Battlesphere
 17090 | Lair:3   | Reached skill level 18 in Spellcasting
 17294 | Lair:3   | Found a staircase to the Snake Pit.
 18091 | Swamp:1  | Entered Level 1 of the Swamp
 18181 | Swamp:1  | Noticed an eleionoma
 18187 | Swamp:1  | Killed an eleionoma
 18188 | Swamp:1  | Reached XP level 13. HP: 72/72 MP: 33/37
 18221 | Swamp:1  | Noticed Aizul
 18233 | Lair:3   | Killed from afar by Aizul

Illustrated notes

Levels and vault maps discovered:
D:1:      minmay_arrival_radiant_lines, layout_rooms, serial_bayou_ford_a
D:2:      layout_basic
D:3:      layout_rooms, minitemple, slow_altar_1,
          nicolae_overflow_hidden_temple, dreamdust_ecumenical_altar_grove,
          uniq_jessica, uniq_sigmund, uniq_crazy_yiuf_cottage, uniq_natasha
D:4:      layout_loops_ring, minmay_temple_entry_enclosed_plants, serial_shops,
          nicolae_diamond_shop, minmay_hollow_rounded_squares
D:5:      layout_basic, nemelex_diamond_rough_becter, minmay_joined_circles,
          uniq_pikel
D:6:      layout_basic
D:7:      layout_cave_pools, mainiacjoe_overflow_alcove_4,
          gammafunk_temple_overflow_elements, serial_shops, shop, hex_medium,
          nicolae_concentric_dashed_squares_wild
D:8:      layout_loops_corners, nicolae_hepliaklqana_hazy_memory,
          dpeg_oklobed_lair, sword_in_stone
D:9:      layout_basic
D:10:     layout_stronghold, david_orc_2, worms_lemuel
Lair:1:   layout_hall_layers, st_stairs_9
Lair:2:   layout_layer_cave, serial_bayou_shore_a
Lair:3:   layout_long_grid, alex1729_swamp_entry_worm_eleionoma,
          nicolae_snake_entry_squirm, chequers_serial_rivers_micro_d,
          grunt_megastairs_3, uniq_nergalle
Lair:4:   layout_long_grid
Swamp:1:  layout_basic_swamp, evilmike_swamp_ruin_house_2, swamp_pool1,
          ldierk_geyser, uniq_aizul, uniq_louise

Skill      XL: |  1  2  3  4  5  6  7  8  9 10 11 12 |
---------------+-------------------------------------+-----
Spellcasting   | 4 5 6 7 10 11 13 15 17 18 | 18.4
Conjurations   | 5 6 7 9 10 11 | 11.9
Shields        | 1 2 3 4 5 |  5.0
Fire Magic     | 2 5 6 9 |  9.5
Fighting       | 2 4 5 |  5.0
Dodging        | 4 6 8 |  8.0
Stealth        | |  2.4

Action                     |  1- 3 |  4- 6 |  7- 9 | 10-12 | 13-15 || total
---------------------------+-------+-------+-------+-------+-------++-------
  Melee: Whip              |       |       |     3 |     7 |       ||    10
         Staff             |       |       |       |    12 |       ||    12
   Cast: Magic Dart        |    50 |   102 |   162 |   253 |       ||   567
         Searing Ray       |     1 |     8 |    32 |     8 |       ||    49
         Iskenderun's Myst |       |       |    30 |   152 |     2 ||   184
         Foxfire           |       |       |     8 |    75 |       ||    83
         Fulminant Prism   |       |       |       |     5 |       ||     5
         Sticky Flame      |       |       |       |    27 |       ||    27
         Iskenderun's Batt |       |       |       |     2 |     1 ||     3
  Evoke: Wand              |       |       |       |     4 |       ||     4
    Use: Scroll            |       |    14 |     6 |    12 |       ||    32
         Potion            |       |       |     1 |     1 |       ||     2
 Armour: Robe              |     9 |     8 |    53 |    83 |     4 ||   157
  Dodge: Dodged            |     2 |    23 |    35 |   119 |       ||   179
  Block: Buckler           |     1 |     6 |    14 |    39 |       ||    60

Table legend: (Time is in decaauts)
 A = Elapsed time spent in this place.
 B = Non-inter-level travel time spent in this place.
 C = Inter-level travel time spent in this place.
 D = Time resting spent in this place.
 E = Time spent auto-exploring this place.
 F = Levels seen in this place.
 G = Mean time per level.
                   A        B        C        D        E       F      G
               +--------+--------+--------+--------+--------+-----+--------+
         Total |  18290 |  17388 |    902 |   4855 |  10383 |  15 | 1219.3 |
       Dungeon |  12395 |  11699 |    696 |   3402 |   6935 |  10 | 1239.5 |
          Lair |   5753 |   5548 |    205 |   1382 |   3415 |   4 | 1438.2 |
         Swamp |    141 |    141 |      0 |     71 |     32 |   1 |  141.0 |
               +--------+--------+--------+--------+--------+-----+--------+

Top non-repeatable levels by time:
     D:8: 1985 daAuts
  Lair:2: 1845 daAuts
  Lair:1: 1759 daAuts
  Lair:3: 1677 daAuts
     D:4: 1526 daAuts
     D:5: 1485 daAuts
     D:6: 1465 daAuts
     D:2: 1287 daAuts
    D:10: 1194 daAuts
     D:3: 927 daAuts
     D:9: 913 daAuts
     D:7: 830 daAuts
     D:1: 779 daAuts
  Lair:4: 470 daAuts
 Swamp:1: 141 daAuts
